 Dungeon Crawl Stone Soup version 0.32-a0-576-g706899e69d (webtiles) character file.

Game seed: 14901835338378888769

55 javelincjr the Grasshopper (level 3, -3/27 (28) HPs)
             Began as a Demonspawn Warper on Mar 1, 2024.
             Slain by Crazy Yiuf
             ... wielding a +3 quarterstaff of chaos
              (8 damage)
             ... on level 2 of the Dungeon.
             The game lasted 00:05:38 (1538 turns).

javelincjr the Grasshopper (Demonspawn Warper)      Turns: 1538, Time: 00:05:38

HP:   -3/27 (28)    AC: 10    Str: 13    XL:     3   Next: 67%
MP:   6/6           EV: 11    Int: 13    God:
Gold: 105           SH:  0    Dex: 12    Spells: 2/6 levels left

rFire   + . .        h - +0 short sword (protect)
rCold   + . .        (no shield)
rNeg    . . .        b - +0 leather armour
rPois   +            (no helmet)
rElec   +            (no cloak)
rCorr   +            (no gloves)
SInv    .            (no boots)
Will    .....        (no amulet)
Stlth   +            (no ring)
HPRegen 0.24/turn    (no ring)
MPRegen 0.10/turn

%: no passive effects
@: resistant, under a protective aura, slowed, lightly drained, very slow
A: claws 1, spiny 1
a: no special abilities


You were on level 2 of the Dungeon.
You visited 1 branch of the dungeon, and saw 2 of its levels.

You collected 105 gold pieces.

Inventory:

Hand Weapons
 a - a +0 spear
 h - a +0 short sword of protection (weapon)
Missiles
 d - 6 darts of dispersal (quivered)
 g - 12 stones
Armour
 b - a +0 leather armour (worn)
 k - a +0 chain mail
Scrolls
 c - a scroll of blinking
 l - a scroll of enchant armour {unknown}
 m - a scroll of identify {unknown}
Potions
 e - a potion of enlightenment {unknown}
 f - 2 potions of cancellation {unknown}
 i - a potion of mutation {unknown}
 j - a potion of lignification {unknown}


   Skills:
 + Level 2.4 Fighting
 + Level 2.2 Polearms
 - Level 1.0 Throwing
 + Level 1.4 Armour
 + Level 2.1 Dodging
 + Level 2.2 Spellcasting
 + Level 3.0 Translocations


You had 2 spell levels left.
You knew the following spells:

 Your Spells              Type           Power      Damage    Failure   Level
a - Blink                 Tloc           18%        N/A       14%         2
b - Lesser Beckoning      Tloc           18%        N/A       14%         2

Your spell library contained the following spells:

 Spells                   Type           Power      Damage    Failure   Level
 Teleport Other           Tloc           9%         N/A       26%         3
 Manifold Assault         Tloc           9%         N/A       65%         4
 Vhi's Electric Charge    Tloc/Air       10%        N/A       86%         4


Dungeon Overview and Level Annotations

Branches:
Dungeon (2/15)

Altars:

Annotations:
D:2 Crazy Yiuf, Sigmund


Innate Abilities, Weirdness & Mutations

You have sharp fingernails.
You are partially covered in sharp spines.


Message History

Your weapon exudes an aura of protection.
Crazy Yiuf is lightly wounded.
Crazy Yiuf hits you but does no damage.
You feel yourself slow down.
You closely miss Crazy Yiuf.
Crazy Yiuf is lightly wounded.
Crazy Yiuf grits, "Pitchfork infinity ena!"
Crazy Yiuf hits you with a +3 quarterstaff of chaos.
Crazy Yiuf freezes you.
You hit Crazy Yiuf.
Crazy Yiuf is moderately wounded.
Crazy Yiuf closely misses you.
Crazy Yiuf hits you with a +3 quarterstaff of chaos.
You feel protected.
You barely miss Crazy Yiuf.
Crazy Yiuf is moderately wounded.
Crazy Yiuf hits you with a +3 quarterstaff of chaos.
Crazy Yiuf draws strength from your wounds!
You hit Crazy Yiuf but do no damage.
Crazy Yiuf is moderately wounded.
Crazy Yiuf hits you with a +3 quarterstaff of chaos.
You feel drained. Crazy Yiuf is struck by your spines.
Crazy Yiuf hits you with a +3 quarterstaff of chaos!
* * * LOW HITPOINT WARNING * * *
You hit Crazy Yiuf.
Crazy Yiuf is moderately wounded.
Crazy Yiuf is struck by your spines. Crazy Yiuf misses you.
You barely miss Crazy Yiuf.
Crazy Yiuf is moderately wounded.
Crazy Yiuf misses you. Crazy Yiuf is struck by your spines.
Crazy Yiuf barely misses you.
You hit Crazy Yiuf but do no damage.
Crazy Yiuf is heavily wounded.
Crazy Yiuf hits you with a +3 quarterstaff of chaos.
* * * LOW HITPOINT WARNING * * *
You hit Crazy Yiuf.
Crazy Yiuf is heavily wounded.
Crazy Yiuf is struck by your spines. Crazy Yiuf closely misses you.
Crazy Yiuf is struck by your spines.
Crazy Yiuf hits you with a +3 quarterstaff of chaos!
You die...

#########...........#####.#
#...................#.....#
#.#######...........#.##...
#.# ##########..#.##...
##.# #..#.##... #..##♣♣♣♣♣
#..#.##... #.#....♣.♣♣♣ ###
#..#..'...
#.......♣..♣#..÷#
#######...
#....♣.♣♣♣♣@g...#
#......... ##....♣♣ ♣♣#..)#
#......... ####♣♣ ###
#......... #.........
#......... ##.........
#.......... ########...
####


You could see Crazy Yiuf.

Vanquished Creatures
  An adder (D:2)
  A dart slug (D:1)
  7 endoplasms
  2 giant cockroaches
  7 goblins (D:1)
  3 hobgoblins (D:1)
  2 kobolds (D:1)
  A quokka (D:1)
  4 ball pythons
  6 bats
  A frilled lizard (D:1)
  3 rats
38 creatures vanquished.

Notes
Turn   | Place    | Note
-------+----------+-------------------------------------------
     0 | D:1      | javelincjr the Demonspawn Warper began the quest for the
                  | Orb.
     0 | D:1      | Reached XP level 1. HP: 16/16 MP: 3/3
    25 | D:1      | Reached skill level 1 in Armour
    51 | D:1      | Reached skill level 1 in Throwing
    90 | D:1      | Discovered your monstrous ancestry.
    90 | D:1      | Gained mutation: You have sharp fingernails. [demonic
                  | ancestry]
    90 | D:1      | Reached XP level 2. HP: 20/22 MP: 5/5
   202 | D:1      | Found a faded altar of an unknown god.
   388 | D:1      | You fall into a shaft and drop 1 floor!
   640 | D:1      | Gained mutation: You are partially covered in sharp spines.
                  | [demonic ancestry]
   640 | D:1      | Reached XP level 3. HP: 26/28 MP: 6/6
   681 | D:1      | Learned a level 2 spell: Blink
   684 | D:1      | Learned a level 2 spell: Lesser Beckoning
  1072 | D:1      | Reached skill level 3 in Translocations
  1219 | D:2      | Noticed Sigmund
  1525 | D:2      | Found a runed translucent door.
  1526 | D:2      | Noticed Crazy Yiuf
  1538 | D:2      | Slain by Crazy Yiuf

Illustrated notes

Levels and vault maps discovered:
D:1:      tarquinn_simple_flora_water_f, layout_loops_ring,
          dreamdust_ecumenical_altar_hidden_monk_grotto,
          minmay_misc_feat_rugged, hangedman_glass_teeth
D:2:      layout_basic, minmay_misc_feat_chi, kennysheep_generic_room_14,
          uniq_crazy_yiuf_cottage, uniq_sigmund

Skill      XL: |  1  2  3 |
---------------+----------+-----
Armour         | 1 |  1.4
Throwing       | 1 |  1.0
Polearms       | 2 |  2.2
Dodging        | 2 |  2.1
Translocations | 3 |  3.0
Fighting       | |  2.4
Spellcasting   | |  2.2

Action                     || total
---------------------------++-------
  Melee: Spear             ||    62
         Short sword       ||    81
  Throw: Dart              ||     1
   Stab: Sleeping          ||     1
 Armour: Leather armour    ||    77
  Dodge: Dodged            ||    63

Table legend: (Time is in decaauts)
 A = Elapsed time spent in this place.
 B = Non-inter-level travel time spent in this place.
 C = Inter-level travel time spent in this place.
 D = Time resting spent in this place.
 E = Time spent auto-exploring this place.
 F = Levels seen in this place.
 G = Mean time per level.
                   A        B        C        D        E       F      G
               +--------+--------+--------+--------+--------+-----+--------+
         Total |   1545 |   1510 |     35 |      0 |   1119 |   2 |  772.5 |
       Dungeon |   1545 |   1510 |     35 |      0 |   1119 |   2 |  772.5 |
               +--------+--------+--------+--------+--------+-----+--------+

Top non-repeatable levels by time:
     D:1: 998 daAuts
     D:2: 546 daAuts
